 Dungeon Crawl Stone Soup version 0.24.0-123-gd5b16e6ec5 (webtiles) character file.

Game seed: 17039037130270007099, levelgen mode: deterministic

46 Notrik the Skirmisher (level 3, 24/36 HPs)
             Began as a Deep Dwarf Berserker on Feb 7, 2020.
             Was a Believer of Trog.
             Got out of the dungeon alive.
             The game lasted 00:01:57 (1039 turns).

Notrik the Skirmisher (Deep Dwarf Berserker)        Turns: 1039, Time: 00:01:57

Health: 24/36      AC:  2    Str: 21    XL:     3   Next: 44%
Magic:  3/3        EV: 12    Int:  7    God:    Trog [**....]
Gold:   44         SH:  0    Dex: 12    Spells: 2/2 levels left

rFire    . . .     SeeInvis .   a - +0 hand axe
rCold    . . .     Gourm    .   (no shield)
rNeg     . . .     Faith    .   b - +0 animal skin
rPois    .         Spirit   .   (no helmet)
rElec    .         Reflect  .   (no cloak)
rCorr    .         Harm     .   (no gloves)
MR       .....                  (no boots)
Stlth    +.........             (no amulet)
HPRegen  0.00/turn              (no ring)
MPRegen  0.08/turn              (no ring)

@: non-regenerating
A: damage resistance, heal wounds, sense surroundings 1, no regeneration
a: Heal Wounds, Berserk, Trog's Hand, Renounce Religion


You escaped.
You worshipped Trog.
Trog was pleased with you.
You were not hungry.

You visited 1 branch of the dungeon, and saw 1 of its levels.

You collected 44 gold pieces.

Inventory:

Hand Weapons
 a - a +0 hand axe (weapon)
Armour
 b - a +0 animal skin (worn)
Scrolls
 c - a scroll of blinking {unknown}
 f - a scroll of identify {unknown}
 h - a scroll of teleportation {unknown}
Potions
 d - a potion of brilliance {unknown}
 g - a potion of heal wounds {unknown}
Comestibles
 e - 2 rations {!d}
 i - a chunk of flesh


   Skills:
 * Level 4.1 Fighting
 - Level 3.2 Axes
 - Level 2.1 Armour
 - Level 2.1 Dodging


You had 2 spell levels left.
You didn't know any spells.
Your spell library was empty.

Dungeon Overview and Level Annotations

Branches:
Dungeon (1/15)

Altars:


Innate Abilities, Weirdness & Mutations

You are resistant to damage.
You can heal yourself by infusing magical energy.
You passively map a small area around you.
You do not regenerate.


Message History

No target in view!
No target in view!
No target in view!
No target in view!
No target in view!
No target in view!
No target in view!
No target in view!
No target in view!
No target in view!
No target in view!
No target in view!
No target in view!
You butcher the dart slug corpse.
i - 2 chunks of flesh (gained 1)
There is an open door here.
There is an open door here.
You open the door.
There is an open door here.
You open the door.
There is an open door here.
You open the door.
There is an open door here.
You enter the shallow water.
Moving in this stuff is going to be slow.
You open the door.
There is an open door here.
You see here a +0 club.
Done exploring.
Done exploring.
Done exploring.
Done exploring.
Unknown command.
Unknown command.
Unknown command.
Quiver which item? (- for none, * to show all) (? for menu, Esc to quit)
Okay, then.
(D) Dungeon
Where to? (? - help)
What level of the Dungeon? (default 1, ? - help) You're already here!
You can't go down here!
You see here a +0 club.
There is an open door here.
You open the door.
Eating one of 2 chunks of flesh.
You eat one of the 2 chunks of flesh.
There is an open door here.
There is a staircase leading out of the dungeon here.
Are you sure you want to leave the Dungeon?
This will make you lose the game!
You have escaped!

#..........................###
#...........################ #
#..........############ #
#..............(......# #####
#.....###'###)###.###.# #....
#.....#.....+.'.....#.####.###
#.....#'#.#'#####.#'#......# #
#####.+.#.#.....#.#.'รท.....#
# ###.#.#..@..#.#.#.....## #
#.###..>..###.#.[...####
###.#.#.....#.#.#.........
#...#.+..(..'.#.+..##.####
#.#'#.#######.###..#..####
#.#.....#.#.....#..#......
#.###'###.###'###....####.
#.........................
##...#####.............#..


There were no monsters in sight!

Vanquished Creatures
  A gnoll (D:1)
  4 dart slugs (D:1)
  2 leopard geckos (D:1)
  7 bats (D:1)
  3 giant cockroaches (D:1)
  3 goblins (D:1)
  A hobgoblin (D:1)
  A frilled lizard (D:1)
  2 kobolds (D:1)
  2 rats (D:1)
26 creatures vanquished.

Notes
Turn   | Place    | Note
-------+----------+-------------------------------------------
     0 | D:1      | Notrik the Deep Dwarf Berserker began the quest for the
                  | Orb.
     0 | D:1      | Reached XP level 1. HP: 20/20 MP: 1/1
    22 | D:1      | Reached skill level 3 in Fighting
    63 | D:1      | Reached XP level 2. HP: 25/28 MP: 2/2
   199 | D:1      | Reached ** piety under Trog
   243 | D:1      | Reached XP level 3. HP: 27/36 MP: 3/3
   264 | D:1      | Reached skill level 4 in Fighting
  1039 | D:$      | Got out of the dungeon alive.

Levels and vault maps discovered:
D:1:      shiori_arrival_maze, layout_rooms, chequers_serial_rivers_room_b

Skill      XL: |  1  2  3 |
---------------+----------+-----
Fighting       | 3 4 |  4.1
Axes           | |  3.2
Armour         | |  2.1
Dodging        | |  2.1

Action                   || total
-------------------------++-------
Melee: Hand axe          ||    83
 Stab: Sleeping          ||     2
  Eat: Chunk             ||     1
Armor: Animal skin       ||    25
Dodge: Dodged            ||    70
